Map: Nightshade LE

Players

AGOElazer (Elazer)

  • Race: Zerg Zerg
  • League: Master
  • Spawn Location: 11:00

HeroMarine - Winner!

  • Race: Terran Terran
  • League: Master
  • Spawn Location: 5:00

Event: Shopify TSL 5

VOD

Have the link to the VOD?

Description

Time

  • Played on: May 24, 2020, 3 p.m.
  • Length: 12:16

All games in this series

Show
View Real Time Build Order
Export as new Build Order

AGOElazer Zerg 

Build Orders: Hatch First 

Get SALT Encoding   

  12  0:00  Drone  
  13  0:12  Overlord  
  13  0:17  Drone  
  14  0:30  Drone x2  
  16  0:47  Hatchery  
  15  0:51  Drone  
  15  0:54  Drone  
  17  0:58  Drone  
  18  1:08  Extractor  
  17  1:13  Spawning Pool  
  17  1:16  Drone  
  17  1:19  Drone  
  18  1:28  Drone  
  19  1:38  Drone  
  20  1:49  Drone  
  21  1:59  Queen x2  
  21  2:00  Zergling x4  
  27  2:12  Hatchery  
  26  2:17  Overlord  
  26  2:20  Drone  
  27  2:23  Drone  
  28  2:31  Metabolic Boost  
  28  2:38  Drone x3  
  28  2:44  Queen  
  31  2:48  Overlord  
  33  2:52  Drone  
  33  2:54  Drone  
  33  2:56  Drone  
  36  3:09  Drone x5  
  41  3:15  Drone  
  41  3:19  Overlord  
  42  3:21  Queen  
  42  3:25  Queen  
  46  3:30  Drone x2  
  46  3:32  Overlord  
  48  3:42  Zergling x6  
  48  3:44  Zergling x2  
  52  3:49  Drone x3  
  52  3:50  Lair  
  52  3:53  Drone x2  
  52  3:55  Drone x2  
  59  3:57  Drone  
  59  4:02  Queen  
  62  4:05  Drone x2  
  62  4:09  Queen  
  64  4:13  Overlord  
  64  4:16  Baneling Nest  
  65  4:18  Extractor  
  64  4:26  Drone x2  
  64  4:28  Overlord  
  66  4:33  Spore Crawler, Drone  
  66  4:34  Drone x4  
  66  4:36  Drone x4  
  74  4:46  Overlord  
  74  4:47  Drone x4  
  74  4:50  Overseer  
  78  4:57  Overlord  
  78  5:01  Centrifical Hooks  
  78  5:02  Evolution Chamber  
  78  5:03  Evolution Chamber  
  78  5:04  Drone x6, Extractor  
  78  5:05  Extractor  
  80  5:09  Evolution Chamber  
  78  5:18  Overlord  
  78  5:19  Drone x3  
  82  5:23  Drone x2  
  82  5:24  Drone  
  82  5:25  Hatchery  
  84  5:34  Zergling x8  
  88  5:40  Hatchery  
  88  5:42  Overseer  
  87  5:44  Zerg Melee Weapons Level 1, Zerg Ground Armor Level 1  
  87  5:48  Spore Crawler  
  87  5:49  Drone  
  87  5:51  Spore Crawler, Drone  
  87  5:54  Zergling x10  
  92  6:00  Overlord  
  92  6:01  Drone  
  92  6:02  Drone x5  
  98  6:15  Zergling x12  
  100  6:27  Overlord  
  100  6:28  Zergling x10  
  101  6:34  Zergling x2  
  101  6:39  Zergling x10  
  103  6:44  Zergling x2  
  98  6:49  Baneling x6  
  98  6:52  Drone x4  
  98  6:56  Baneling x4  
  98  7:02  Drone x3  
  98  7:04  Spore Crawler  
  98  7:05  Zergling x8  
  98  7:07  Baneling  
  98  7:08  Baneling x10  
  104  7:10  Overlord  
  104  7:11  Zergling x2  
  104  7:12  Zergling x4  
  104  7:19  Drone x3  
  104  7:21  Drone x3  
  110  7:25  Drone x4  
  110  7:29  Baneling  
  114  7:30  Baneling x9  
  114  7:31  Zergling x14  
  114  7:33  Infestation Pit  
  114  7:37  Zergling x12  
  114  7:42  Zergling x4  
  114  7:43  Zerg Ground Armor Level 2  
  118  7:47  Drone x3, Extractor  
  118  7:48  Drone  
  118  7:49  Drone  
  121  7:52  Zerg Melee Weapons Level 2  
  121  7:55  Overlord  
  121  7:59  Drone x4  
  121  8:00  Zergling x14, Spore Crawler  
  131  8:06  Zergling x8  
  128  8:13  Overlord  
  128  8:16  Zergling x10  
  130  8:26  Zergling x4  
  128  8:34  Zergling x16  
  136  8:35  Hatchery  
  136  8:36  Overlord x3  
  136  8:37  Overlord  
  136  8:38  Hive  
  135  8:47  Baneling x13  
  135  8:48  Zergling x2  
  131  9:03  Drone x5  
  131  9:04  Drone x2  
  131  9:05  Zergling x18, Drone  
  131  9:06  Zergling x4  
  144  9:10  Zergling x4  
  144  9:13  Baneling x10  
  144  9:15  Burrow  
  146  9:19  Extractor  
  146  9:23  Zergling x10  
  150  9:30  Drone x3  
  150  9:31  Overlord  
  153  9:32  Zergling x12  
  158  9:46  Zergling x10  
  158  9:51  Viper  
  158  9:52  Adrenal Glands  
  144  10:12  Zergling x22  
  149  10:14  Zergling x6  
  149  10:16  Zergling x8  
  149  10:20  Baneling x12  
  156  10:23  Overlord  
  156  10:25  Extractor  
  156  10:26  Zergling x2  
  156  10:27  Zergling x22  
  159  10:36  Zergling x8  
  159  10:38  Queen  
  159  10:41  Queen x3  
  170  10:46  Zergling x6  
  148  10:54  Zergling x22  
  143  11:00  Zergling x4  
  142  11:12  Zergling x12  
  142  11:14  Baneling x2  
  144  11:19  Baneling x3  
  144  11:24  Zergling x12  
  143  11:26  Baneling x14  
  143  11:31  Zergling x4  
  114  11:35  Zergling x6  
  114  11:36  Baneling  
  114  11:37  Baneling x10  
  116  11:40  Zergling x2  
  116  11:43  Zergling x4  
  116  11:46  Baneling  
  116  11:47  Baneling x10  
  120  11:49  Zergling x6  
  117  11:56  Zergling x4  
  117  11:57  Zergling x18  
Show
View Real Time Build Order
Export as new Build Order

HeroMarine Terran - Winner!

Build Orders: Reaper Expand, Hellion Banshee 

Get SALT Encoding   

  12  0:00  SCV  
  13  0:13  SCV  
  14  0:18  Supply Depot  
  14  0:25  SCV  
  15  0:40  SCV  
  15  0:41  Barracks  
  16  0:44  Refinery  
  16  0:52  SCV  
  17  1:04  SCV  
  18  1:16  SCV  
  19  1:28  Reaper  
  19  1:29  Orbital Command  
  20  1:40  Command Center  
  20  1:49  Supply Depot  
  20  1:54  SCV  
  20  2:00  Marine  
  22  2:06  SCV  
  23  2:12  Factory  
  23  2:18  SCV  
  23  2:22  Barracks Reactor  
  24  2:30  SCV  
  25  2:42  SCV  
  26  2:47  Command Center  
  26  2:52  Orbital Command  
  26  2:54  SCV  
  27  3:00  Starport  
  27  3:07  SCV, Hellion  
  27  3:11  Hellion  
  32  3:16  Refinery  
  32  3:18  SCV  
  32  3:19  SCV  
  34  3:28  Hellion  
  34  3:31  SCV x2  
  34  3:32  Hellion  
  40  3:41  Starport Tech Lab  
  40  3:43  SCV x2  
  42  3:50  Hellion  
  42  3:54  Hellion  
  46  3:58  SCV  
  46  3:59  SCV  
  46  4:00  Orbital Command, Banshee  
  51  4:03  Cloaking Field  
  51  4:10  Barracks Tech Lab  
  51  4:11  SCV x2, Hellion  
  51  4:15  Hellion  
  57  4:19  Supply Depot  
  57  4:23  SCV x2  
  59  4:29  Stimpack  
  59  4:30  SCV  
  60  4:35  SCV  
  61  4:41  SCV, Barracks  
  61  4:42  Supply Depot  
  61  4:44  SCV  
  63  4:45  Barracks  
  63  4:46  Marine  
  63  4:47  SCV, Factory Reactor  
  65  4:53  SCV  
  65  4:54  Banshee  
  65  4:58  Engineering Bay x2  
  69  5:00  Refinery  
  69  5:02  Refinery  
  69  5:04  SCV, Marine  
  72  5:07  SCV  
  72  5:16  SCV  
  72  5:17  Orbital Command  
  72  5:19  SCV  
  74  5:22  Marine  
  74  5:25  Barracks  
  74  5:26  Barracks  
  74  5:28  Terran Infantry Weapons Level 1, Terran Infantry Armor Level 1  
  75  5:30  SCV  
  75  5:31  SCV  
  77  5:39  Marine x2  
  77  5:40  Supply Depot, Marine x2  
  77  5:42  SCV  
  80  5:43  SCV, Supply Depot  
  81  5:50  SCV, Starport Reactor  
  81  5:53  Marine  
  81  5:54  SCV  
  81  5:55  SCV  
  81  5:56  Supply Depot  
  85  6:00  Supply Depot  
  85  6:01  Siege Tank  
  85  6:02  SCV  
  89  6:06  SCV  
  89  6:07  SCV  
  89  6:08  Supply Depot  
  89  6:09  Combat Shield  
  91  6:15  SCV, Marine x2  
  91  6:16  Marine  
  91  6:18  Barracks Reactor x2, SCV  
  95  6:19  SCV, Marine x2  
  95  6:27  SCV  
  95  6:30  SCV  
  95  6:31  SCV  
  90  6:33  Marine x3  
  90  6:35  Siege Tank  
  90  6:37  Marine x2  
  90  6:39  SCV  
  95  6:42  SCV  
  95  6:44  SCV  
  93  6:51  Marine x3  
  93  6:52  Medivac  
  93  6:53  Medivac  
  98  6:54  SCV, Marine  
  98  6:55  Marine  
  98  6:57  Armory, SCV  
  98  6:59  Marine x2  
  98  7:00  Marine  
  104  7:01  Marine  
  105  7:09  Marine x3  
  105  7:11  Barracks  
  105  7:12  Marine  
  105  7:13  Marine, Barracks  
  105  7:14  Barracks  
  110  7:16  Siege Tank  
  110  7:17  Marine  
  110  7:21  Marine x2  
  110  7:22  Marine  
  117  7:23  Supply Depot x2  
  117  7:26  Medivac x2, Marine  
  122  7:31  Marine x2  
  122  7:44  Supply Depot, Marine x3  
  122  7:45  Supply Depot, Marine x2  
  122  7:46  Marine x2  
  122  7:47  Supply Depot  
  128  7:51  Terran Infantry Weapons Level 2  
  128  7:54  Terran Infantry Armor Level 2  
  128  7:58  Medivac  
  129  8:01  Barracks Reactor  
  129  8:03  Barracks Reactor, Marine  
  129  8:04  Marine x5  
  135  8:14  Marine  
  135  8:15  Marine x2  
  135  8:17  Barracks Reactor  
  138  8:21  Marine x2  
  138  8:23  Marine  
  138  8:26  Marine x3  
  141  8:28  Siege Tank  
  141  8:32  Marine x2  
  141  8:33  Marine  
  147  8:37  Marine x2  
  147  8:39  Marine x2  
  147  8:41  Marine  
  152  8:44  Marine x5  
  157  8:50  Medivac, Marine x2  
  157  8:51  Medivac, Marine  
  157  8:54  Supply Depot  
  157  8:55  Supply Depot, Marine  
  165  8:57  Marine x3  
  165  8:58  Marine  
  165  9:00  Marine x2  
  165  9:01  Marine x2  
  173  9:05  Supply Depot  
  173  9:07  Marine x3  
  173  9:08  Marine x2  
  167  9:10  Marine  
  167  9:12  Marine  
  167  9:14  Marine  
  167  9:15  Marine x2  
  167  9:16  Marine, Siege Tank  
  176  9:18  Supply Depot  
  176  9:20  Liberator x2  
  182  9:26  Marine x4  
  182  9:28  Marine  
  182  9:30  Marine x2  
  189  9:42  Marine x4  
  189  9:44  Marine x2  
  195  9:46  Marine x2  
  195  9:48  Marine x2  
  195  9:49  Marine  
  195  9:52  Sensor Tower  
  200  10:04  Marine  
  200  10:05  Marine x8  
  176  10:07  Medivac x2  
  176  10:11  Marine  
  176  10:12  Marine x4  
  177  10:14  Marine  
  177  10:18  Siege Tank  
  181  10:22  Marine x2  
  181  10:23  Marine  
  181  10:27  Marine  
  181  10:28  Marine x5  
  189  10:37  Marine x2  
  189  10:38  Marine x2  
  189  10:41  Marine x2  
  192  10:48  Marine x2  
  161  10:50  Marine x2  
  161  10:51  Marine  
  161  10:52  Marine  
  161  10:54  Marine x3  
  143  10:58  Medivac  
  143  11:03  Marine x6  
  145  11:06  Marine x2  
  145  11:08  Marine x2  
  145  11:11  Marine  
  150  11:16  Siege Tank  
  153  11:20  Marine x4  
  153  11:21  Marine x2  
  153  11:22  Marine x2  
  153  11:24  Marine x2  
  145  11:34  Marine  
  145  11:35  Marine x4  
  145  11:38  Marine  
  148  11:45  Marine x7  
  147  11:49  Marine x2  
  150  11:57  Marine  
Tags
 
Add a new tag
Caveats
  • Supply blocks, unpowered buildings, or Contaminate may cause inaccurate times.
  • Supply counts are checked every 10 seconds.